 Dungeon Crawl Stone Soup version 0.22-a0-246-gdc04c06 (webtiles) character file.

2222 Amnesiac the Prestidigitator (level 9, -5/46 HPs)
             Began as a Spriggan Artificer on Feb 22, 2018.
             Was an Initiate of Gozag.
             Slain by a two-headed ogre
             ... wielding a +0 giant spiked club
              (20 damage)
             ... on level 7 of the Dungeon.
             The game lasted 00:18:52 (8598 turns).

Amnesiac the Prestidigitator (Spriggan Artificer)   Turns: 8598, Time: 00:18:52

Health: -5/46      AC:  2    Str: 11    XL:     9   Next: 13%
Magic:  18/18      EV: 25    Int: 13    God:    Gozag
Gold:   937        SH:  0    Dex: 20    Spells: 8/8 levels left

rFire    . . .     SeeInvis +   b - +0 whip (elec)
rCold    . . .     Gourm    .   (shield restricted)
rNeg     . . .     Faith    .   g - +0 robe
rPois    .         Spirit   .   (helmet restricted)
rElec    .         Reflect  .   (no cloak)
rCorr    .         Harm     .   (gloves unavailable)
MR       +....                  (boots unavailable)
Stlth    +++.......             (no amulet)
HPRegen  0.15/turn              (no ring)
MPRegen  0.16/turn              c - +4 ring of dexterity

@: very quick
A: very small, unfitting armour, see invisible, herbivore, speed 3, slow
metabolism 2
a: Potion Petition, Call Merchant, Bribe Branch, Renounce Religion


You were on level 7 of the Dungeon.
You worshipped Gozag.
Gozag was pleased with you.
You were not hungry.

You visited 2 branches of the dungeon, and saw 8 of its levels.

You collected 1011 gold pieces.
You paid 74 gold pieces to Gozag.

Inventory:

Hand Weapons
 a - a +0 hunting sling
 b - a +0 whip of electrocution (weapon)
 f - a +0 quarterstaff
 y - a +0 short sword
Missiles
 o - 41 poisoned needles
 q - 156 stones (quivered)
 u - a throwing net
Armour
 g - a +0 robe (worn)
Jewellery
 c - a +4 ring of dexterity (right hand)
Wands
 d - a wand of enslavement (23)
 e - a wand of iceblast (4)
 h - a wand of polymorph (9)
 p - a wand of digging (9)
Scrolls
 m - a scroll of remove curse {!r}
 r - a scroll of enchant weapon {!r, unknown}
 t - 4 scrolls of teleportation {!r}
 w - a scroll of identify {!r}
 x - a scroll of blinking {!r}
 z - a scroll of magic mapping {!r, unknown}
Potions
 i - a potion of heal wounds {!q, unknown}
 j - 4 potions of curing {!q}
 k - a potion of flight {!q, unknown}
 n - a potion of lignification {!q, unknown}
 s - a potion of magic {!q}
 v - a potion of might {!q, unknown}
Comestibles
 l - a ration


   Skills:
 + Level 4.6 Fighting
 - Level 4.0 Short Blades
 + Level 8.6 Dodging
 - Level 4.0 Stealth
 * Level 11.0 Evocations


You had 8 spell levels left.
You didn't know any spells.

Dungeon Overview and Level Annotations

Branches:
Dungeon (7/15)             Temple (1/1) D:5

Altars:
Cheibriados
Dithmenos
Fedhas
Gozag
Hepliaklqana
Makhleb
Okawaru
Ru
Trog
Uskayaw
Wu Jian
Xom

Annotations:
D:5 p0werm0de's ghost, novice DsFE
D:6 Edmund


Innate Abilities, Weirdness & Mutations

You are very small and have problems with some larger weapons.
You are too small for most types of armour.
You have supernaturally acute eyesight. (SInv)
You are a herbivore.
You cover ground extremely quickly.
You need consume almost no food.


Message History

The howler monkey hoots and howls with incredible vigour! x2
You hit the howler monkey but do no damage.
The howler monkey is severely wounded.
The howler monkey misses your howler monkey.
The howler monkey dies!
Your howler monkey looks stronger.
You hit the howler monkey.
The howler monkey is moderately wounded.
The howler monkey misses you. x2
The howler monkey dies!
You swing at nothing.
You now have 937 gold pieces (gained 13).
You start resting.
The howler monkey is no longer charmed.
The howler monkey misses you.
You closely miss the howler monkey. The howler monkey misses you. x2
Unknown command.
You closely miss the howler monkey.
The howler monkey hoots and howls with incredible vigour!
You hear a screech!
You hear two shouts!
You hear a chilling moan.
You hit the howler monkey.
Lightning courses through the howler monkey!
The howler monkey is heavily wounded.
The howler monkey misses you.
You barely miss the howler monkey.
The howler monkey is heavily wounded.
The howler monkey closely misses you.
The howler monkey completely misses you.
You barely miss the howler monkey.
The howler monkey is heavily wounded.
The howler monkey completely misses you.
You barely miss the howler monkey.
The howler monkey is heavily wounded.
The howler monkey hoots and howls with incredible vigour!
You hear an angry hiss.
You hear a screech!
You closely miss the howler monkey.
The howler monkey is heavily wounded.
The howler monkey barely misses you.
The howler monkey completely misses you.
You closely miss the howler monkey.
The howler monkey is heavily wounded.
The howler monkey closely misses you.
You barely miss the howler monkey.
The howler monkey is heavily wounded.
The howler monkey hits you.
* * * LOW HITPOINT WARNING * * *
You hit the howler monkey but do no damage.
The howler monkey is heavily wounded.
The howler monkey misses you. x2
You hit the howler monkey.
Lightning courses through the howler monkey!
The howler monkey is almost dead.
The howler monkey closely misses you.
You closely miss the howler monkey.
The howler monkey is almost dead.
The howler monkey hits you.
* * * LOW HITPOINT WARNING * * *
A two-headed ogre comes into view.
It is wielding a giant spiked club and a giant club.
You closely miss the howler monkey.
The howler monkey is almost dead.
The howler monkey completely misses you.
The two-headed ogre misses you.
The two-headed ogre hits you with a giant club!!
You die...
Your body crumbles into a pile of gold.

#......##### #..#....^..#
..###......# ..###..##..#
#..#..###..###############
#.....##H................#
.............###########.#
........##...#..##.....#.#
..._...####..#.h@.<....#+##
........##...##O##........#
.............#............+......
#l....##..##.#..#.h.......#######
#..#..###.##.#..#....######
H.###..##.# #..#....# ..###.....#
#..#....# #..#....## #..#....#
#.......+ #....#


You could see a two-headed ogre and a howler monkey.

Vanquished Creatures
  Pikel (D:6)
  Grinder (D:6)
  An ice beast (D:5)
  A black bear (D:6)
  A phantom (D:6)
  2 ogres
  A bullfrog (D:7)
  2 scorpions
  An electric eel (D:3)
  3 crimson imps
  2 orc priests
  2 hounds
  Jessica (D:3)
  Terence (D:3)
  2 orc wizards (D:3)
  5 worker ants
  A hound zombie (D:5)
  Robin (D:2)
  An adder (D:2)
  3 oozes
  An adder zombie (D:5)
  2 worms
  An adder skeleton (D:5)
  A dart slug (D:2)
  4 leopard geckos
  12 orcs
  3 giant cockroaches
  17 goblins
  2 hobgoblins (D:2)
  6 jackals
  7 kobolds
  3 quokkas
  A ball python (D:4)
  2 bats (D:2)
  4 frilled lizards
  9 rats
108 creatures vanquished.

Vanquished Creatures (collateral kills)
  2 howler monkeys (D:7)
  An adder (D:3)
  A jackal (D:3)
4 creatures vanquished.

Vanquished Creatures (others)
  5 dream sheep (D:6)
  A bullfrog (D:6)
  A bullfrog zombie (D:5)
  An orc wizard (D:3)
  An ooze (D:6)
9 creatures vanquished.

Grand Total: 121 creatures vanquished

Notes
Turn   | Place    | Note
-------+----------+-------------------------------------------
     0 | D:1      | Amnesiac the Spriggan Artificer began the quest for the Orb.
     0 | D:1      | Reached XP level 1. HP: 9/9 MP: 4/4
    60 | D:2      | Reached XP level 2. HP: 14/14 MP: 6/6
   268 | D:4      | Reached XP level 3. HP: 17/17 MP: 7/7
   363 | D:4      | Reached XP level 4. HP: 17/21 MP: 8/8
   451 | D:4      | Found an opulent altar of Gozag.
   499 | D:3      | Found a transporter.
   499 | D:3      | Found a transporter.
   597 | D:3      | Noticed Jessica
   803 | D:4      | Became a worshipper of Gozag Ym Sagoz the Greedy
  1611 | D:2      | Reached skill level 1 in Fighting
  1631 | D:2      | Found an ornate altar of the Wu Jian Council.
  1816 | D:2      | Reached XP level 5. HP: 25/25 MP: 9/9
  1829 | D:2      | Noticed Robin
  1854 | D:2      | Killed Robin
  2247 | D:3      | Found a hazy altar of Hepliaklqana.
  2521 | D:3      | Reached skill level 5 in Evocations
  2547 | D:3      | Found a sacrificial altar of Ru.
  2551 | D:3      | Noticed Terence
  2651 | D:3      | Killed Terence
  2706 | D:3      | Reached XP level 6. HP: 17/30 MP: 11/11
  2900 | D:3      | Killed Jessica
  3094 | D:3      | Reached skill level 6 in Evocations
  3358 | D:5      | Entered Level 5 of the Dungeon
  3358 | D:5      | Found a snail-covered altar of Cheibriados.
  3414 | D:5      | Found a staircase to the Ecumenical Temple.
  3418 | D:5      | Noticed a sky beast
  3775 | D:5      | HP: 1/30 [sky beast (6)]
  4206 | Temple   | Entered the Ecumenical Temple
  4574 | D:5      | Reached skill level 5 in Dodging
  4655 | D:5      | Noticed an ice beast
  4752 | D:5      | Killed an ice beast
  4752 | D:5      | Reached skill level 7 in Evocations
  4752 | D:5      | Reached XP level 7. HP: 35/35 MP: 11/13
  4871 | D:5      | Noticed p0werm0de's ghost (novice DsFE)
  6087 | D:6      | Noticed Grinder
  6119 | D:6      | Paralysed by Grinder for 5 turns
  6135 | D:6      | Killed Grinder
  6135 | D:6      | Reached skill level 8 in Evocations
  6137 | D:6      | Reached XP level 8. HP: 26/40 MP: 13/15
  6214 | D:6      | Found a shimmering altar of Xom.
  6214 | D:6      | Noticed a dream sheep
  6214 | D:6      | Noticed a dream sheep
  6214 | D:6      | Noticed a dream sheep
  6214 | D:6      | Noticed a dream sheep
  6214 | D:6      | Noticed a dream sheep
  6217 | D:6      | Killed a dream sheep
  6217 | D:6      | Reached skill level 9 in Evocations
  6218 | D:6      | Killed a dream sheep
  6219 | D:6      | Killed a dream sheep
  6220 | D:6      | Killed a dream sheep
  6220 | D:6      | Killed a dream sheep
  6231 | D:6      | Noticed Pikel
  6281 | D:6      | Killed Pikel
  6281 | D:6      | Reached skill level 10 in Evocations
  6423 | D:6      | Noticed Edmund
  7133 | D:6      | Found a blossoming altar of Fedhas.
  7567 | D:6      | Reached XP level 9. HP: 27/46 MP: 16/18
  8052 | D:7      | Noticed Edmund
  8052 | D:7      | Edmund changed into Edmund the centaur
  8130 | D:6      | Noticed Edmund
  8130 | D:6      | Edmund the centaur changed into Edmund the acid dragon
  8430 | D:7      | Found a shadowy altar of Dithmenos.
  8463 | D:7      | Reached skill level 11 in Evocations
  8598 | D:7      | Noticed a two-headed ogre
  8598 | D:7      | Slain by a two-headed ogre

Vault maps used:
D:1:      minmay_arrival_hallway
D:2:      lemuel_crystal_altar, first_ration, uniq_robin
D:3:      gammafunk_steamed_eel, nicolae_ru_sacrificial_ziggurat,
          nicolae_overflow_crystal_walls, uniq_jessica, uniq_terence
D:4:      nicolae_gozag_seed_capital
D:5:      lemuel_coloured_pillars_altar, minmay_temple_entry_glass
D:6:      kb_xom_exploding_sheep, kennysheep_little_box, minmay_holes,
          uniq_grinder, uniq_pikel, uniq_edmund
D:7:      nicolae_dithmenos_shadow_blocks
Temple:   nicolae_temple_god_jail

Skill      XL: |  1  2  3  4  5  6  7  8  9 |
---------------+----------------------------+-----
Stealth        | 2 4 |  4.0
Short Blades   | 2 3 4 |  4.0
Fighting       | 1 2 3 4 |  4.6
Evocations     | 5 7 8 10 11 | 11.0
Dodging        | 4 5 6 8 |  8.6

Action                   |  1- 3 |  4- 6 |  7- 9 || total
-------------------------+-------+-------+-------++-------
Melee: Short sword       |    26 |    28 |       ||    54
       Dagger            |       |    61 |       ||    61
       Quarterstaff      |       |    33 |       ||    33
       Whip              |       |       |    27 ||    27
 Fire: Hunting sling     |       |   215 |   188 ||   403
Evoke: Wand              |    11 |    42 |    35 ||    88
  Use: Scroll            |       |     6 |       ||     6
       Potion            |       |     1 |       ||     1
 Stab: Confused          |     1 |       |       ||     1
       Paralysed         |     1 |       |       ||     1
       Sleeping          |       |     3 |       ||     3
  Eat: Ration            |       |     3 |     1 ||     4
Armor: Robe              |     2 |     8 |     6 ||    16
Dodge: Dodged            |    10 |   183 |   132 ||   325

Table legend:
 A = Spawn XP
 B = Non-spawn XP
 C = Spawn XP percentage of total XP
 D = Spawn monster count
 E = Non-spawn monster count
 F = Spawn count percentage of total count
 G = Total turns spent on level
                    A         B        C        D         E        F      G
               +---------+---------+-------+---------+---------+-------+---------
         Total |       0 |    3175 |   0.0 |       0 |     117 |   0.0 |  8598
               +---------+---------+-------+---------+---------+-------+---------
           D:1 |       0 |      26 |   0.0 |       0 |      12 |   0.0 |   535
           D:2 |       0 |      84 |   0.0 |       0 |      34 |   0.0 |   826
           D:3 |       0 |     283 |   0.0 |       0 |      23 |   0.0 |  1606
           D:4 |       0 |     358 |   0.0 |       0 |      12 |   0.0 |  1234
           D:5 |       0 |     314 |   0.0 |       0 |      12 |   0.0 |  1547
           D:6 |       0 |    1821 |   0.0 |       0 |      18 |   0.0 |  2406
           D:7 |       0 |     289 |   0.0 |       0 |       6 |   0.0 |   353
               +---------+---------+-------+---------+---------+-------+---------
